 Dungeon Crawl Stone Soup version 0.30-a0-451-ge042605de7 (webtiles) character file.

Game seed: 12579343690114214476

197209 MackTheKnife the Eclecticist (level 19, -9/145 HPs)
             Began as a Djinni Conjurer on Dec 10, 2022.
             Was a High Priest of Jiyva.
             Mangled by a wolf spider simulacrum (31 damage)
             ... on level 4 of the Spider Nest on Dec 11, 2022.
             The game lasted 01:28:21 (33182 turns).

MackTheKnife the Eclecticist (Djinni Conjurer)     Turns: 33182, Time: 01:28:22

Health: -9/145     AC: 14    Str: 14      XL:     19   Next: 9%
Gold:   771        EV: 19    Int: 27 (28) God:    Jiyva [*****.] SH: 12 Dex: 18 (20)

rFire   + + .      SeeInvis .    a - +9 demon whip (venom) {mace}
rCold   . . .      Faith    .    M - +1 buckler {AC+3}
rNeg    + . .      Spirit   .    J - +0 leather armour of the Shoals {Regen+ Str+2}
rPois   ∞          Reflect  +    c - +2 helmet
rElec   +          Harm     .    u - +0 cloak
rCorr   +          Rampage  .    W - +2 pair of gloves
Will    +....                    (boots unavailable)
Stlth   ++++......               K - amulet of Wicleps {Reflect Fragile rPois Slay+4 SH+5}
HPRegen 2.68/turn                S - ring "Huasyn" {rElec rN+ rCorr Int+6 Stlth+}
MPRegen 0.00/turn                I - ring "Vurghov" {rC+ Slay+2}

@: flying
A: sickness immunity, fire resistance 2, cold vulnerability 1, float, innate
caster, HP casting, extra vitality 1, agile 2, shaggy fur 1, strong 2, acidic
bite, eyeballs 2, gelatinous body 2, pseudopods 1, translucent skin 2, engulf
}: 1/15 runes: slimy
a: Renounce Religion, Oozemancy, Slimify


You were on level 4 of the Spider Nest.
You worshipped Jiyva.
Jiyva was extremely pleased with you.
You visited 7 branches of the dungeon, and saw 36 of its levels.
You also visited: Bailey and Ice Cave.

You collected 2289 gold pieces.
You spent 1518 gold pieces at shops.


Innate Abilities, Weirdness & Mutations

You are immune to sickness and miasma.
You are immune to poison.
Your flesh is very heat resistant. (rF++)
You are vulnerable to cold. (rC-)
You float through the air rather than walking.
You learn spells naturally, not from books.
Your magical power is your life essence.
You have superior vitality. (+4 MHP)
You are very agile. (Dex +8, Str/Int -2)
You are covered in fur. (AC +1)
Your muscles are very strong. (Str +8, Int/Dex -2)
You have acidic saliva.
Your body has grown many eyes which may confuse attackers. (Acc +5)
Your pliable body absorbs attacks. (AC +2, EV +2)
Armour fits poorly on your pseudopods.
Your translucent skin reduces your foes' accuracy. (Stealth+)
Your melee attacks may engulf your foes in ooze.


   Skills:
 - Level 15.9 Fighting
 - Level 10.4 Maces & Flails
 - Level 10.4 Dodging
 - Level 1.5 Stealth
 - Level 6.6 Shields
 + Level 18.7 Spellcasting


You had 3 spell levels left.
You knew the following spells:

 Your Spells              Type           Power      Damage    Failure   Level
a - Iron Shot             Conj/Erth      45%        9d9       1%          6
b - Searing Ray           Conj           100%       2d8       0%          2
c - Dazzling Flash        Conj/Hex       100%       N/A       0%          3
d - Fulminant Prism       Conj/Hex       45%        3d21      0%          4
e - Iskenderun's Mystic   Conj/Tloc      90%        2d18      0%          4
f - Haunt                 Necr/Summ      45%        N/A       1%          7
g - Inner Flame           Hex/Fire       90%        N/A       0%          3
h - Hailstorm             Conj/Ice       90%        3d18      0%          3
i - Anguish               Hex/Necr       45%        N/A       0%          4
j - Magic Dart            Conj           100%       1d8       0%          1
k - Sting                 Tmut/Pois      100%       1d8       0%          1
l - Orb of Destruction    Conj           45%        9d12      1%          7
m - Call Imp              Summ           90%        N/A       0%          2
z - Irradiate             Conj/Tmut      45%        3d26      1%          5
Your spell library was empty.

Inventory:

Hand Weapons
 a - a +9 demon whip of venom (weapon) {mace}
   (You took it off Amaemon on level 7 of the Dungeon)
Armour
 c - a +2 helmet (worn)
   (You found it on level 1 of the Dungeon)
 u - a +0 cloak (worn)
   (You found it on level 2 of the Dungeon)
 E - a +0 leather armour of cold resistance
   (You took it off an orc on level 3 of the Dungeon)
 J - the +0 leather armour of the Shoals (worn) {Regen+ Str+2}
   (You found it on level 5 of the Pits of Slime)

   Str:       It affects your strength (+2).
   Regen:     It increases your rate of health regeneration.
 M - a +1 buckler of protection (worn)
   (You acquired it on level 2 of the Shoals)
 W - a +2 pair of gloves (worn)
   (You found it on level 6 of the Dungeon)
Magical Staves
 b - a staff of conjuration {!a@e2staff}
   (You found it on level 7 of the Dungeon)
 x - a staff of poison {!astaff}
   (You found it on level 3 of the Dungeon)
Jewellery
 l - a ring of wizardry
   (You found it on level 7 of the Dungeon)
 y - a +6 ring of intelligence
   (You found it on level 7 of the Dungeon)
 C - a ring of protection from cold
   (You found it on level 3 of the Dungeon)
 I - the ring "Vurghov" (right hand) {rC+ Slay+2}
   (You found it on level 5 of the Pits of Slime)

   [ring of protection from cold]

   Slay:      It affects your accuracy & damage with ranged weapons and melee
   (+2).
   rC:        It protects you from cold.
 K - the amulet of Wicleps (around neck) {Reflect Fragile rPois Slay+4 SH+5}
   (You found it on level 11 of the Dungeon)

   [amulet of reflection]

   It reflects blocked missile attacks.
   Slay:      It affects your accuracy & damage with ranged weapons and melee
   (+4).
   rPois:     It protects you from poison.
   Fragile:   It will be destroyed if unequipped.
   SH:        It affects your SH (+5).
 N - a +6 ring of intelligence
   (You found it on level 5 of the Dungeon)
 R - an amulet of guardian spirit
   (You found it on level 4 of the Spider Nest)
 S - the ring "Huasyn" (left hand) {rElec rN+ rCorr Int+6 Stlth+}
   (You found it on level 2 of the Spider Nest)

   [ring of intelligence]

   Int:       It affects your intelligence (+6).
   rElec:     It insulates you from electricity.
   rN:        It protects you from negative energy.
   rCorr:     It protects you from acid and corrosion.
   Stlth:     It makes you more stealthy.
Wands
 m - a wand of mindburst (18)
   (You found it on level 12 of the Dungeon)
 z - a wand of paralysis (30)
   (You took it off Ijyb on level 3 of the Dungeon)
 A - a wand of digging (12)
   (You found it on level 10 of the Dungeon)
 G - a wand of light (2)
   (You found it on level 4 of the Spider Nest)
 L - a wand of iceblast (38)
   (You found it on level 5 of the Dungeon)
 U - a wand of flame (21)
   (You found it on level 6 of the Dungeon)
Scrolls
 e - 2 scrolls of butterflies
 f - 5 scrolls of blinking {!r}
 h - 5 scrolls of poison
 j - 3 scrolls of immolation {!r!r}
 k - 4 scrolls of enchant armour
 n - 11 scrolls of identify {@r1}
 o - a scroll of silence {!r}
 p - 8 scrolls of teleportation {@r4}
 q - 2 scrolls of summoning
 t - 4 scrolls of fear
 O - a scroll of magic mapping {!r}
Potions
 d - 4 potions of invisibility
 g - 14 potions of curing {@q1}
 i - 4 potions of attraction {!q}
 r - 4 potions of resistance
 s - a potion of brilliance
 v - 3 potions of cancellation
 B - 3 potions of might
 F - 12 potions of heal wounds {@q2}
 H - a potion of ambrosia
 P - 5 potions of haste {@q3}
 Q - a potion of mutation {!q}
 V - 2 potions of berserk rage {!q}
Miscellaneous
 w - a condenser vane
   (You found it on level 1 of the Lair of Beasts)
 D - a box of beasts
   (You found it on level 3 of the Lair of Beasts)
 X - a piece from Xom's chessboard (15/15)
   (You found it on level 2 of the Spider Nest)

Dungeon Overview and Level Annotations

Branches:
Dungeon (15/15) Zot: 25608  Temple (1/1) D:4 Zot: 5980    Lair (5/5) D:8 Zot: 21849
 Shoals (4/4) Lair:2 Zot: 21066  Spider (4/4) Lair:2 Zot: 21664   Slime (5/5) Lair:5 Zot: 26623
    Orc (2/2) D:11 Zot: 10446     Elf (0/3) Orc:2        Vaults (0/5) D:14
 Depths (0/4) D:15         Bailey (visited)           IceCv (visited)

Altars:
Ashenzari
Cheibriados
Dithmenos
Elyvilon
Fedhas
Gozag
Hepliaklqana
Makhleb
Nemelex Xobeh
Okawaru
Qazlal
Ru
Trog
Uskayaw
Wu Jian
Xom
Yredelemnul
Zin
The Shining One
Jiyva

Shops:
D:14 *   Orc:2 *!![!   Shoals:1 (=*   Shoals:2 ?

Portals:
Trove: D:13 (give 9 potions of haste)

Annotations:
Lair:2 1 exclusion
Shoals:3 Jaakounette's ghost, adept SpBr
Slime:5 Royal Jelly

### #...##
#.†
###..^#
#####.
#....##
##....#
#..###
#..#....^#
#..###
..........
##...##
#...###.#.
##....##
### ####
#.....?#
#...@Z###
##.#ZZ..#
####...#
###.......
#[#...# ##
.## #


You could see a wolf spider simulacrum (confused), a tarantella simulacrum and a
broodmother simulacrum.


Message History

Your shadow wraith hits the tarantella!
The tarantella dies!
A freezing mist starts to gather...
A tarantella simulacrum comes into view. 😕 HP[+1]
The wolf spider simulacrum barely misses your shadow wraith.
The wolf spider simulacrum bites your shadow wraith.
The wolf spider simulacrum freezes your shadow wraith!!
The wolf spider simulacrum hits your shadow wraith!
The wolf spider simulacrum freezes your shadow wraith!!
Your shadow wraith is destroyed!
Your shadow wraith disappears in a puff of smoke! 😕 HP[+3]
You regained 3 hp, and now have 121/145 hp.
Casting: Haunt (dangerous; 1% risk of failure)
Confirm with . or Enter, or press ? or * to list all spells.
Aiming: Fulminant Prism (safe; 0% risk of failure)
Press: ? - help, Dir - move target You conjure a prism of explosive energy!
A fulminant prism comes into view. 😕 HP[-1]
You take 1 damage, and now have 120/145 hp.
The broodmother simulacrum attacks as you move away!
The broodmother simulacrum completely misses you.
The wolf spider simulacrum hits your fulminant prism!
The wolf spider simulacrum freezes your fulminant prism!
Your fulminant prism resists.
The wolf spider simulacrum bites your fulminant prism! 😕 HP[+3]
You regained 3 hp, and now have 123/145 hp.
The broodmother simulacrum closely misses you. 😕 HP[+2]
You regained 2 hp, and now have 125/145 hp.
Casting: Fulminant Prism (safe; 0% risk of failure)
Confirm with . or Enter, or press ? or * to list all spells.
Aiming: Sting (safe; 0% risk of failure)
Press: ? - help, Shift-Dir - straight line, f - wolf spider simulacrum
Aim: a wolf spider simulacrum (92% to hit)
The sting hits the wolf spider simulacrum.
The wolf spider simulacrum partially resists.
The broodmother simulacrum bites you!
The broodmother simulacrum freezes you!!
The wolf spider simulacrum hits you but does no damage.
The wolf spider simulacrum misses you. 😮 HP[-24]
You take 24 damage, and now have 101/145 hp.
Casting: Sting (safe; 0% risk of failure)
Confirm with . or Enter, or press ? or * to list all spells.
Aiming: Sting (safe; 0% risk of failure)
Press: ? - help, Shift-Dir - straight line, f/p - wolf spider simulacrum
Aim: a wolf spider simulacrum (lightly damaged, 92% to hit)
The sting hits the wolf spider simulacrum.
The wolf spider simulacrum partially resists.
You block the tarantella simulacrum's attack.
You block the broodmother simulacrum's attack.
The wolf spider simulacrum barely misses you. x2 😮 HP[+2]
You regained 2 hp, and now have 103/145 hp.
Casting: Sting (safe; 0% risk of failure)
Confirm with . or Enter, or press ? or * to list all spells.
Aiming: Sting (safe; 0% risk of failure)
Press: ? - help, Shift-Dir - straight line, f/p - wolf spider simulacrum
Aim: a wolf spider simulacrum (lightly damaged, 92% to hit)
The sting hits the wolf spider simulacrum.
The wolf spider simulacrum partially resists.
You block the tarantella simulacrum's attack.
You block the wolf spider simulacrum's attack.
The eyeballs on your body gaze at the wolf spider simulacrum.
You block the wolf spider simulacrum's attack.
The broodmother simulacrum closely misses you.
The tarantella simulacrum hits you.
The tarantella simulacrum freezes you!! 😮 HP[-20]
You take 20 damage, and now have 83/145 hp.
Casting: Sting (safe; 0% risk of failure)
Confirm with . or Enter, or press ? or * to list all spells.
Aiming: Sting (safe; 0% risk of failure)
Press: ? - help, Shift-Dir - straight line, f/p - wolf spider simulacrum
Aim: a wolf spider simulacrum (lightly damaged, confused, 100% to hit)
The sting hits the wolf spider simulacrum.
You block the broodmother simulacrum's attack.
The tarantella simulacrum barely misses you. 😮 HP[+2]
You regained 2 hp, and now have 85/145 hp.
Casting: Sting (safe; 0% risk of failure)
Confirm with . or Enter, or press ? or * to list all spells.
Aiming: Sting (safe; 0% risk of failure)
Press: ? - help, Shift-Dir - straight line, f/p - wolf spider simulacrum
Aim: a wolf spider simulacrum (lightly damaged, confused, 100% to hit)
The sting hits the wolf spider simulacrum.
The broodmother simulacrum bites you.
The broodmother simulacrum freezes you!!
* * * LOW HITPOINT WARNING * * *
The tarantella simulacrum hits you!
* * * LOW HITPOINT WARNING * * *
The tarantella simulacrum freezes you!
* * * LOW HITPOINT WARNING * * *
The wolf spider simulacrum hits you!
* * * LOW HITPOINT WARNING * * *
The wolf spider simulacrum freezes you!!
You die...

Skill      XL: |  1  2  3  4  5  6  7  8  9 10 11 12 13 14 15 16 17 18 |
---------------+-------------------------------------------------------+-----
Spellcasting   | 4 5 6 7 8 9 10 13 15 16 18 | 18.7
Fighting       | 3 5 7 9 10 11 12 13 15 | 15.9
Maces & Flails | 7 10 | 10.4
Dodging        | 3 10 | 10.4
Shields        | 6 |  6.6
Stealth        | |  1.5

Action                   |  1- 3 |  4- 6 |  7- 9 | 10-12 | 13-15 | 16-18 | 19-21 || total
-------------------------+-------+-------+-------+-------+-------+-------+-------++-------
Melee: Dagger            |       |       |     8 |     9 |       |       |       ||    17
       Demon whip        |       |       |       |    62 |   607 |   150 |    16 ||   835
       Punch             |       |       |       |     4 |     9 |       |       ||    13
       Headbutt          |       |       |       |       |    10 |     4 |       ||    14
       Pseudopods        |       |       |       |       |       |    41 |     5 ||    46
       Bite              |       |       |       |       |       |     4 |     1 ||     5
 Cast: Magic Dart        |    40 |    84 |    50 |    42 |     5 |       |       ||   221
       Searing Ray       |     2 |     5 |    10 |     5 |     3 |       |       ||    25
       Fulminant Prism   |       |       |    46 |    98 |   121 |    28 |     1 ||   294
       Call Imp          |       |       |     1 |     2 |       |       |       ||     3
       Inner Flame       |       |       |     1 |       |       |       |       ||     1
       Iskenderun's Myst |       |       |       |     1 |     1 |       |       ||     2
       Hailstorm         |       |       |       |    13 |     6 |       |       ||    19
       Anguish           |       |       |       |     2 |     7 |     2 |     1 ||    12
       Irradiate         |       |       |       |       |    64 |    43 |     1 ||   108
       Iron Shot         |       |       |       |       |    25 |   355 |       ||   380
       Sting             |       |       |       |       |     2 |    16 |    19 ||    37
       Orb of Destructio |       |       |       |       |       |     8 |       ||     8
       Haunt             |       |       |       |       |       |       |     5 ||     5
Invok: Oozemancy         |       |       |       |       |     1 |     5 |       ||     6
       Slimify           |       |       |       |       |       |     1 |       ||     1
Evoke: Wand              |       |       |       |     2 |     3 |       |       ||     5
       Condenser vane    |       |       |       |       |     1 |     1 |       ||     2
  Use: Scroll            |       |       |       |    30 |     9 |     4 |       ||    43
       Potion            |       |       |       |     4 |     7 |     3 |       ||    14
 Stab: Invisible         |       |       |       |       |     1 |       |       ||     1
       Paralysed         |       |       |       |       |     2 |       |       ||     2
       Confused          |       |       |       |       |     3 |     9 |     1 ||    13
Armor: Robe              |       |     6 |     1 |       |       |       |       ||     7
       Leather armour    |       |       |     5 |    60 |   178 |   103 |     4 ||   350
Dodge: Dodged            |     1 |    15 |    18 |    69 |   416 |   388 |    18 ||   925
Block: Other             |       |       |       |    17 |   152 |    45 |       ||   214
       Reflection        |       |       |       |       |    16 |    10 |       ||    26
       Buckler           |       |       |       |       |       |   123 |    16 ||   139

Levels and vault maps discovered:
D:1:      psy_arrival_terrarium, layout_rooms,
          shapermc_ecumenical_altar_mp_vishouse, minmay_cupped
D:2:      layout_rooms, nicolae_grassy_gnolls
D:3:      layout_basic, mainiacjoe_overflow_large_starburst, uniq_ijyb
D:4:      layout_rooms, minmay_temple_entry_hall, skrybe_limestone_x, uniq_pikel
D:5:      layout_rooms, nicolae_wu_jian_wuxing_cycle
D:6:      layout_rooms, minmay_increasing_density
D:7:      layout_rooms, enter_bailey_8, uniq_joseph
D:8:      layout_cave_pools, nicolae_overflow_hallway_of_the_gods,
          erik_lair_island, david_defended_altar_orc, uniq_amaemon
D:9:      layout_irregular_city, small_chamber_with_monster
D:10:     layout_stronghold, pdpol_temple_overflow_zin_treasury_gozag_greed
D:11:     layout_grid_maze, minmay_orc_entry_guard_dogs
D:12:     layout_basic
D:13:     layout_cave_pods, enter_trove_5
D:14:     layout_roguey, skrybe_vaults_entry_preservation,
          nicolae_gozag_zags_fifth_avenue
D:15:     hangedman_depths_entry_civil_slaughter, layout_basic,
          minmay_misc_feat_secret_circle, uniq_nessos, uniq_roxanne, uniq_azrael
Temple:   hellmonk_temple_two_chambers
Lair:1:   layout_cave_pods, serial_rivers, chequers_serial_rivers_large_b,
          chequers_serial_rivers_micro_e, chequers_serial_rivers_micro_c,
          chequers_serial_rivers_micro_e, chequers_serial_rivers_room_a,
          chequers_serial_rivers_room_b, grunt_forest_small_clearing_treed,
          grunt_megastairs_1
Lair:2:   layout_cave_pods, minmay_shoals_entry_beasts,
          spider_nest_entry_web_field, gauntlet_entry_generic
Lair:3:   layout_concentric_octagons, portal_ice_cave_entry_animals_and_master,
          nicolae_lair_grove_arrangements, grunt_megastairs_2,
          infiniplex_staircase_pool
Lair:4:   lemuel_reptile_caves, layout_small_grid, bobbens_ice_dragon_lair
Lair:5:   hangedman_lair_caniforms_friends, layout_loops_ring,
          guppyfry_lair_end_dragon, slime_entry_1
Shoals:1: layout_shoals, serial_shops, nicolae_take_the_stairs,
          nicolae_lakefront_shop, shop_statue, st_shoals_ruin, uniq_louise
Shoals:2: layout_shoals, serial_shops, nicolae_square_shop
Shoals:3: layout_shoals, gammafunk_ghost_berserking_beasts
Shoals:4: shoals_end_grunt_ice, layout_shoals
Spider:1: layout_spider_delve
Spider:2: layout_spider_delve
Spider:3: layout_spider_delve
Spider:4: grunt_spider_rune_island
Slime:1:  layout_caves, nicolae_slime_barrier
Slime:2:  layout_caves
Slime:3:  layout_caves, cheibrodos_slime_lost_civilization_7
Slime:4:  cheibrodos_slime_lost_civilization_2, layout_caves,
          cheibrodos_slime_lost_civilization_4
Slime:5
Orc:1:    layout_caves, elf_legates
Orc:2:    st_orc_rangers, layout_caves, serial_shops, nicolae_shop_waterfront,
          uniq_sonja

Notes
Turn   | Place    | Note
-------+----------+-------------------------------------------
     0 | D:1      | MackTheKnife the Djinni Conjurer began the quest for the
                  | Orb.
     0 | D:1      | MackTheKnife set off with the following spells memorised:
                  | Magic Dart, Searing Ray, Dazzling Flash, Fulminant Prism,
                  | Iskenderun's Mystic Blast.
     0 | D:1      | Reached XP level 1. HP: 15/15 MP: 0/0
     0 | D:1      | magus.rc [v1.9.6]
   164 | D:1      | Reached XP level 2. HP: 18/21 MP: 0/0
   468 | D:1      | Reached XP level 3. HP: 24/25 MP: 0/0
   468 | D:1      | Learned a level 1 spell: Sting
   658 | D:1      | Found a faded altar of an unknown god.
   775 | D:2      | Reached skill level 4 in Spellcasting
   781 | D:2      | Reached XP level 4. HP: 18/31 MP: 0/0
  1345 | D:3      | Reached XP level 5. HP: 33/35 MP: 0/0
  1345 | D:3      | Learned a level 2 spell: Call Imp
  1380 | D:3      | Noticed Ijyb
  1388 | D:3      | Killed Ijyb
  1473 | D:3      | j - +0 storm dragon scales {rare}
  1509 | D:3      | Found a hide-covered altar of Uskayaw.
  1646 | D:3      | Reached skill level 5 in Spellcasting
  2056 | D:4      | Reached XP level 6. HP: 35/40 MP: 0/0
  2155 | D:4      | Reached skill level 6 in Spellcasting
  2161 | D:4      | HP: 6/40 [ball python (3)]
  2163 | D:4      | Reached XP level 7. HP: 6/45 MP: 0/0
  2163 | D:4      | Learned a level 3 spell: Inner Flame
  2391 | D:4      | Found a staircase to the Ecumenical Temple.
  2397 | Temple   | Entered the Ecumenical Temple
  2696 | D:4      | Noticed Pikel
  2717 | D:4      | Killed Pikel
  2718 | D:4      | Reached skill level 3 in Fighting
  2718 | D:4      | Reached XP level 8. HP: 16/58 MP: 0/0
  2912 | D:4      | Reached skill level 4 in Fighting
  2912 | D:4      | Reached skill level 7 in Spellcasting
  3108 | D:5      | Entered Level 5 of the Dungeon
  3196 | D:5      | Found an ornate altar of the Wu Jian Council.
  3480 | D:5      | Reached skill level 5 in Fighting
  3908 | D:6      | Reached XP level 9. HP: 56/65 MP: 0/0
  3908 | D:6      | Learned a level 3 spell: Hailstorm
  3941 | D:6      | Reached skill level 6 in Fighting
  3952 | D:6      | Reached skill level 8 in Spellcasting
  4380 | D:6      | Reached skill level 7 in Fighting
  4619 | D:7      | Noticed Joseph
  4626 | D:7      | Killed Joseph
  4632 | D:7      | HP: 14/68 [orc priest/+4 dagger (6)]
  4633 | D:7      | HP: 6/68 [centaur/arrow (8)]
  4853 | D:7      | Reached XP level 10. HP: 33/76 MP: 0/0
  5122 | D:7      | Found a flagged portal.
  5140 | D:7      | Reached skill level 8 in Fighting
  5173 | D:7      | Reached skill level 9 in Spellcasting
  5189 | Bailey   | Entered a bailey
  5259 | Bailey   | Noticed an orc knight
  5275 | Bailey   | Killed an orc knight
  5276 | Bailey   | Reached skill level 9 in Fighting
  5287 | Bailey   | HP: 7/78 [spore (26)]
  5298 | Bailey   | Noticed an orc knight
  5468 | Bailey   | Killed an orc knight
  6226 | D:8      | Noticed Amaemon
  6226 | D:8      | Noticed an orange demon
  6606 | D:7      | Reached XP level 11. HP: 42/85 MP: 0/0
  6606 | D:7      | Learned a level 4 spell: Anguish
  6753 | D:8      | Reached skill level 10 in Fighting
  6753 | D:8      | Reached skill level 10 in Spellcasting
  6762 | D:7      | Killed Amaemon
  6939 | D:8      | Reached skill level 1 in Maces & Flails
  6986 | D:8      | Reached skill level 2 in Maces & Flails
  6992 | D:8      | Reached skill level 3 in Maces & Flails
  7004 | D:8      | Reached skill level 4 in Maces & Flails
  7375 | D:8      | Found a staircase to the Lair.
  7435 | D:8      | Found a bloodstained altar of Trog.
  7631 | D:8      | Found a stormy altar of Qazlal.
  7635 | D:8      | Found a broken altar of Ashenzari.
  7642 | D:8      | Found a white marble altar of Elyvilon.
  7642 | D:8      | Found a glowing golden altar of the Shining One.
  7649 | D:8      | Found a sparkling altar of Nemelex Xobeh.
  7804 | Lair:1   | Entered Level 1 of the Lair of Beasts
  7826 | D:9      | Noticed a two-headed ogre
  7833 | D:9      | Killed a two-headed ogre
  7848 | D:9      | Reached skill level 5 in Maces & Flails
  8006 | D:9      | You drop +0 storm dragon scales {rare}.
  8410 | D:9      | Noticed a two-headed ogre
  8414 | D:9      | Killed a two-headed ogre
  8483 | D:9      | Reached skill level 6 in Maces & Flails
  8518 | D:9      | Identified the +2 trident of Maatrot {drain, *Noise Int+4
                  | Stlth+}
  8710 | D:10     | Entered Level 10 of the Dungeon
  8863 | D:10     | Noticed a two-headed ogre
  8869 | D:10     | Killed a two-headed ogre
  8904 | D:10     | Noticed a two-headed ogre
  8927 | D:10     | Killed a two-headed ogre
  8928 | D:10     | Reached skill level 7 in Maces & Flails
  8928 | D:10     | Reached XP level 12. HP: 83/92 MP: 0/0
  9462 | D:10     | Found a glowing silver altar of Zin.
  9492 | D:10     | Found an opulent altar of Gozag.
  9660 | Lair:1   | Reached skill level 8 in Maces & Flails
  9707 | Lair:1   | Reached skill level 9 in Maces & Flails
  9807 | Lair:1   | Gained mutation: You have a beak for a mouth. [potion of
                  | mutation]
  9807 | Lair:1   | Gained mutation: Your spells are a little easier to cast,
                  | but a little less powerful. [potion of mutation]
  9808 | Lair:1   | Lost mutation: Your spells are a little easier to cast, but
                  | a little less powerful. [potion of mutation]
  9808 | Lair:1   | Lost mutation: You have a beak for a mouth. [potion of
                  | mutation]
  9808 | Lair:1   | Gained mutation: You are partially covered in iridescent
                  | scales. (AC +2) [potion of mutation]
 10869 | Lair:2   | Reached skill level 10 in Maces & Flails
 10929 | Lair:2   | HP: 21/92 [wolf (6)]
 11045 | Lair:2   | Found a staircase to the Shoals.
 11182 | Lair:2   | Found a hole to the Spider Nest.
 11200 | Lair:2   | Reached skill level 3 in Dodging
 11315 | Lair:2   | Reached XP level 13. HP: 90/97 MP: 0/0
 11315 | Lair:2   | Learned a level 5 spell: Irradiate
 11397 | Lair:2   | Reached skill level 4 in Dodging
 12061 | Lair:3   | Reached skill level 5 in Dodging
 12086 | Lair:3   | Reached skill level 6 in Dodging
 12242 | Lair:3   | Reached skill level 7 in Dodging
 12436 | Lair:3   | Reached skill level 8 in Dodging
 12445 | Lair:3   | Noticed a four-headed hydra
 12459 | Lair:3   | Killed a four-headed hydra
 12460 | Lair:3   | Reached skill level 9 in Dodging
 12766 | Lair:3   | Found a frozen archway.
 12791 | IceCv    | Entered an ice cave
 12824 | IceCv    | Reached skill level 10 in Dodging
 12847 | IceCv    | HP: 19/97 [ice devil (7)]
 14413 | IceCv    | Reached skill level 11 in Fighting
 15195 | Lair:4   | Reached XP level 14. HP: 64/105 MP: 0/0
 15450 | Lair:4   | HP: 13/105 [ice dragon/blast of cold (45)]
 15714 | Lair:4   | Reached skill level 11 in Spellcasting
 16295 | Lair:4   | Reached skill level 12 in Fighting
 16979 | Lair:5   | Entered Level 5 of the Lair of Beasts
 17208 | Lair:5   | Found a staircase to the Slime Pits.
 17208 | Lair:5   | Found a viscous altar of Jiyva.
 17268 | Lair:5   | Became a worshipper of Jiyva Jykiy the Shapeless
 17600 | Lair:5   | Reached * piety under Jiyva
 17763 | Lair:5   | Reached skill level 12 in Spellcasting
 17846 | Lair:5   | Was placed under penance by Jiyva
 17995 | Lair:5   | magus.rc [v1.9.6]
 18030 | Lair:5   | Gained mutation: Your body sometimes deteriorates upon
                  | taking damage. [the all-consuming vengeance of Jiyva]
 18030 | Lair:5   | Gained mutation: You have hidden genetic defects. [the
                  | all-consuming vengeance of Jiyva]
 18030 | Lair:5   | Gained mutation: You sometimes lose your temper in combat.
                  | [the all-consuming vengeance of Jiyva]
 18244 | Lair:5   | Was forgiven by Jiyva
 18254 | Lair:5   | Lost mutation: You have hidden genetic defects. [potion of
                  | mutation]
 18254 | Lair:5   | Lost mutation: You sometimes lose your temper in combat.
                  | [potion of mutation]
 18254 | Lair:5   | Lost mutation: You are partially covered in iridescent
                  | scales. (AC +2) [potion of mutation]
 18254 | Lair:5   | Gained mutation: You have supernaturally acute eyesight.
                  | (SInv) [potion of mutation]
 18254 | Lair:5   | Gained mutation: You are covered in fur. (AC +1) [potion of
                  | mutation]
 18255 | Lair:5   | Lost mutation: Your body sometimes deteriorates upon taking
                  | damage. [potion of mutation]
 18255 | Lair:5   | Lost mutation: You are covered in fur. (AC +1) [potion of
                  | mutation]
 18255 | Lair:5   | Gained mutation: You occasionally shout uncontrollably at
                  | your foes. [potion of mutation]
 18256 | Lair:5   | Lost mutation: You have supernaturally acute eyesight.
                  | (SInv) [potion of mutation]
 18256 | Lair:5   | Lost mutation: You occasionally shout uncontrollably at
                  | your foes. [potion of mutation]
 18256 | Lair:5   | Gained mutation: You expend health (3 HP) to strengthen
                  | your wands. [potion of mutation]
 19237 | D:11     | Identified the amulet of Wicleps {Reflect Fragile rPois
                  | Slay+4 SH+5}
 19325 | D:11     | Reached skill level 13 in Spellcasting
 19325 | D:11     | Reached XP level 15. HP: 108/112 MP: 0/0
 19325 | D:11     | Learned a level 6 spell: Iron Shot
 19524 | D:11     | Found a staircase to the Orcish Mines.
 19577 | D:11     | Reached ** piety under Jiyva
 20232 | D:12     | Reached *** piety under Jiyva
 20278 | D:12     | Gained mutation: Your muscles are strong. (Str +4, Int/Dex
                  | -1) [Jiyva's grace]
 20278 | D:12     | Gained mutation: Your muscles are very strong. (Str +8,
                  | Int/Dex -2) [Jiyva's grace]
 20278 | D:12     | Gained mutation: Your body has grown eyes which may confuse
                  | attackers. (Acc +3) [Jiyva's grace]
 20278 | D:12     | Gained mutation: Your body has grown many eyes which may
                  | confuse attackers. (Acc +5) [Jiyva's grace]
 20834 | Orc:1    | Entered Level 1 of the Orcish Mines
 20866 | Orc:1    | Reached **** piety under Jiyva
 21066 | Orc:2    | Entered Level 2 of the Orcish Mines
 21110 | Orc:2    | Found Bekh's Distillery.
 21136 | Orc:2    | Noticed an orc warlord
 21139 | Orc:2    | Noticed Sonja
 21142 | Orc:2    | Killed Sonja
 21155 | Orc:2    | Killed an orc warlord
 21185 | Orc:2    | Found a staircase to the Elven Halls.
 21199 | Orc:2    | Bought a potion of haste for 130 gold pieces
 21414 | Orc:2    | Reached skill level 14 in Spellcasting
 21517 | Orc:2    | Found Zitusedo's Distillery.
 21517 | Orc:2    | Found Acsoil's Distillery.
 21519 | Orc:2    | Found Etidonkure's Antique Armour Shoppe.
 21521 | Orc:2    | Found Buastritu's Assorted Antiques.
 21526 | Orc:2    | Bought a potion of heal wounds for 85 gold pieces
 21526 | Orc:2    | Bought a potion of heal wounds for 85 gold pieces
 21533 | Orc:2    | Bought 2 potions of heal wounds for 350 gold pieces
 21533 | Orc:2    | Bought a blue potion for 31 gold pieces
 22136 | Orc:1    | Identified the +6 scimitar of Melee {protect, Dex+3}
 22156 | Orc:1    | Noticed an orc warlord
 22238 | Orc:1    | Reached ***** piety under Jiyva
 22238 | Orc:1    | Lost mutation: Your body has grown many eyes which may
                  | confuse attackers. (Acc +5) [Jiyva's grace]
 22238 | Orc:1    | Lost mutation: Your body has grown eyes which may confuse
                  | attackers. (Acc +3) [Jiyva's grace]
 22238 | Orc:1    | Lost mutation: You expend health (3 HP) to strengthen your
                  | wands. [Jiyva's grace]
 22238 | Orc:1    | Gained mutation: Your rubbery body absorbs attacks. (AC +1,
                  | EV +1) [Jiyva's grace]
 22238 | Orc:1    | Gained mutation: Your pliable body absorbs attacks. (AC +2,
                  | EV +2) [Jiyva's grace]
 22238 | Orc:1    | Gained mutation: Your gelatinous body deflects attacks. (AC
                  | +3, EV +3) [Jiyva's grace]
 22238 | Orc:1    | Gained mutation: You have a pair of small horns on your
                  | head. [Jiyva's grace]
 22335 | Orc:1    | Killed an orc warlord
 22630 | D:13     | Found a portal to a secret trove of treasure.
 22634 | D:13     | This trove needs 9 potions of haste to function. Give it
                  | the items?
 22802 | D:13     | Reached skill level 15 in Spellcasting
 23528 | D:14     | Found Gozag's Platinum Reserve.
 23529 | D:14     | Found an opulent altar of Gozag.
 23553 | D:14     | Noticed an ironbound preserver
 23575 | D:14     | Reached XP level 16. HP: 84/118 MP: 0/0
 23610 | D:14     | Found a gate to the Vaults.
 24326 | Slime:1  | Entered Level 1 of the Pits of Slime
 24326 | Slime:1  | Noticed an acid blob
 24342 | Slime:1  | Noticed a rockslime
 24559 | Slime:1  | Noticed an acid blob
 24561 | Slime:1  | Noticed an azure jelly
 24653 | Slime:2  | Noticed a rockslime
 24687 | Slime:2  | Noticed an acid blob
 24713 | Slime:2  | Noticed a rockslime
 24714 | Slime:2  | Noticed an acid blob
 24835 | Slime:3  | Noticed an azure jelly
 24873 | Slime:3  | Noticed an acid blob
 24882 | Slime:3  | Noticed an acid blob
 25006 | Slime:3  | Noticed an azure jelly
 25118 | Slime:4  | Noticed an azure jelly
 25165 | Slime:4  | Noticed an azure jelly
 25166 | Slime:4  | Noticed an acid blob
 25443 | D:15     | Entered Level 15 of the Dungeon
 25472 | D:15     | Noticed Nessos
 25474 | D:15     | Killed Nessos
 25542 | D:15     | Reached ****** piety under Jiyva
 25817 | Slime:3  | Noticed a rockslime
 25851 | Slime:5  | Entered Level 5 of the Pits of Slime
 25970 | Slime:5  | Noticed a rockslime
 25980 | Slime:5  | Noticed an acid blob
 26034 | Slime:5  | Noticed an acid blob
 26038 | Slime:5  | Noticed an azure jelly
 26044 | Slime:5  | Noticed the Royal Jelly
 26053 | Slime:5  | Found a viscous altar of Jiyva.
 26054 | Slime:5  | Noticed an acid blob
 26055 | Slime:5  | Noticed an azure jelly
 26059 | Slime:5  | Identified the ring "Vurghov" {rC+ Slay+2}
 26066 | Slime:5  | Identified the +7 spear of Putrescence {vorpal, Fly rF++
                  | Will- Str-3}
 26069 | Slime:5  | Identified the +6 war axe "Q" {freeze, Str-4 Int+4 Dex+4}
 26078 | Slime:5  | Identified the +8 dire flail of Putrescence {flame, +Blink
                  | rF- rN+ Will+}
 26081 | Slime:5  | Got the Guidebook on Conflagration and the Caves {@e2}
 26082 | Slime:5  | Identified the +0 leather armour of the Shoals {Regen+
                  | Str+2}
 26101 | Slime:5  | Got a slimy rune of Zot
 26102 | Slime:5  | Identified the +5 quarterstaff "Ydghy" {vorpal, Str+6}
 26126 | Slime:5  | Got the Catalogue of the Amassed Mountains
 26128 | Slime:5  | Got Asmodeus's Guide on Ignition
 26524 | D:15     | Found a staircase to the Depths.
 26560 | D:15     | Reached skill level 16 in Spellcasting
 26601 | D:15     | Lost mutation: You have a pair of small horns on your head.
                  | [Jiyva's grace]
 26601 | D:15     | Lost mutation: Your gelatinous body deflects attacks. (AC
                  | +3, EV +3) [Jiyva's grace]
 26601 | D:15     | Gained mutation: Your body has grown eyes which may confuse
                  | attackers. (Acc +3) [Jiyva's grace]
 26601 | D:15     | Gained mutation: Your body has grown many eyes which may
                  | confuse attackers. (Acc +5) [Jiyva's grace]
 26601 | D:15     | Gained mutation: Your body is covered in eyes which may
                  | confuse attackers. (Acc +7, SInv) [Jiyva's grace]
 26601 | D:15     | Gained mutation: You are covered in fur. (AC +1) [Jiyva's
                  | grace]
 26732 | D:15     | Noticed Azrael
 26739 | D:15     | Killed Azrael
 26946 | D:15     | Paralysed by an ogre mage for 4 turns
 26969 | D:15     | Identified Roxanne's Commentary on Metamorphosis
 26969 | D:15     | Noticed Roxanne
 27011 | D:15     | Killed Roxanne
 27446 | Spider:1 | Entered Level 1 of the Spider Nest
 27457 | Lair:2   | magus.rc [v1.9.6]
 27644 | Shoals:1 | Entered Level 1 of the Shoals
 27663 | Shoals:1 | Reached skill level 13 in Fighting
 27668 | Shoals:1 | HP: 29/121 [merfolk javelineer/silver javelin (12)]
 27753 | Shoals:1 | Found Xeah's Jewellery Shoppe.
 27778 | Shoals:1 | Reached XP level 17. HP: 95/128 MP: 0/0
 27778 | Shoals:1 | Learned a level 7 spell: Orb of Destruction
 27863 | Shoals:1 | Reached skill level 14 in Fighting
 27940 | Shoals:1 | Found Jomyh's Weapon Shoppe.
 28049 | Shoals:1 | Found Mouwn's General Store.
 28602 | Shoals:2 | Reached skill level 15 in Fighting
 28632 | Shoals:1 | Noticed Louise
 28638 | Shoals:1 | Slimified Louise
 28638 | Shoals:1 | Louise changed into Louise the slime creature
 28638 | Shoals:1 | Noticed Louise
 28842 | Shoals:2 | Was placed under penance by Jiyva
 28848 | Shoals:3 | Found a transporter.
 29049 | Shoals:3 | Noticed Jaakounette's ghost (adept SpBr)
 29086 | Shoals:3 | Found a transporter.
 29086 | Shoals:3 | Was forgiven by Jiyva
 29399 | Shoals:2 | Found Qiackonn's Magic Scroll Emporium.
 29416 | Shoals:2 | Bought a scroll of acquirement for 624 gold pieces
 29416 | Shoals:2 | Bought a scroll of blinking for 90 gold pieces
 29416 | Shoals:2 | Acquired a +1 buckler of protection
 29428 | Shoals:2 | Lost mutation: Your body is covered in eyes which may
                  | confuse attackers. (Acc +7, SInv) [Jiyva's grace]
 29428 | Shoals:2 | Gained mutation: Your translucent skin slightly reduces
                  | your foes' accuracy. (Stealth+) [Jiyva's grace]
 29428 | Shoals:2 | Gained mutation: Your translucent skin reduces your foes'
                  | accuracy. (Stealth+) [Jiyva's grace]
 29428 | Shoals:2 | Gained mutation: Your transparent skin significantly
                  | reduces your foes' accuracy. (Stealth+) [Jiyva's grace]
 29428 | Shoals:2 | Gained mutation: Armour fits poorly on your pseudopods.
                  | [Jiyva's grace]
 29444 | Shoals:2 | Reached skill level 2 in Shields
 29456 | Shoals:2 | Reached skill level 3 in Shields
 29483 | Shoals:1 | Bought a scroll of teleportation for 33 gold pieces
 29496 | Shoals:2 | Bought a scroll of magic mapping for 90 gold pieces
 29535 | Shoals:2 | Identified the +2 robe of the Grue {rF- MP+9 Dex+7 SInv}
 29563 | Shoals:2 | Reached skill level 4 in Shields
 30174 | Shoals:3 | Reached skill level 5 in Shields
 30434 | Shoals:3 | Identified the ring "Voer Yhi" {Wiz Int+3}
 30540 | Shoals:4 | Entered Level 4 of the Shoals
 30663 | Spider:1 | Reached skill level 6 in Shields
 30853 | Spider:1 | Reached XP level 18. HP: 119/139 MP: 0/0
 31355 | Spider:2 | Reached skill level 17 in Spellcasting
 31407 | Spider:2 | Identified the ring "Huasyn" {rElec rN+ rCorr Int+6 Stlth+}
 31613 | Spider:2 | Lost mutation: Your transparent skin significantly reduces
                  | your foes' accuracy. (Stealth+) [Jiyva's grace]
 31613 | Spider:2 | Gained mutation: You have acidic saliva. [Jiyva's grace]
 31613 | Spider:2 | Gained mutation: You are agile. (Dex +4, Str/Int -1)
                  | [Jiyva's grace]
 31613 | Spider:2 | Gained mutation: You are very agile. (Dex +8, Str/Int -2)
                  | [Jiyva's grace]
 31613 | Spider:2 | Gained mutation: Your melee attacks may engulf your foes in
                  | ooze. [Jiyva's grace]
 31912 | Spider:2 | Upgraded the game from 0.30-a0-439-g9e77e4d916 to
                  | 0.30-a0-451-ge042605de7
 31912 | Spider:2 | magus.rc [v1.9.6]
 32426 | Spider:4 | Entered Level 4 of the Spider Nest
 32566 | Spider:4 | Reached skill level 18 in Spellcasting
 32705 | Spider:4 | HP: 31/139 [spark wasp (5)]
 33023 | Spider:4 | Reached XP level 19. HP: 43/145 MP: 0/0
 33023 | Spider:4 | Learned a level 7 spell: Haunt
 33024 | Spider:4 | HP: 30/145 [steelbarb worm (17)]
 33182 | Spider:4 | HP: 32/145 [tarantella simulacrum (12)]
 33182 | Spider:4 | Mangled by a wolf spider simulacrum

Vanquished Creatures
  Roxanne (D:15)
  3 ghost moths
  An emperor scorpion (Spider:2)
  2 orc warlords
  An ironbound preserver (D:14)
  A broodmother (Spider:4)
  A stone giant (Shoals:1)
  Nessos (D:15)
  A spark wasp (Spider:4)
  A merfolk javelineer (Shoals:1)
  2 ettins
  A fire dragon (Lair:5)
  4 entropy weavers
  4 merfolk impalers (Shoals:2)
  A vault guard (D:13)
  A jorogumo (Spider:4)
  An ice dragon (Lair:4)
  An ogre mage (D:15)
  3 radroaches
  3 hydras
  6 centaur warriors
  An alligator snapping turtle (Shoals:2)
  2 boulder beetles
  7 two-headed ogres
  A satyr (Shoals:2)
  4 tengu warriors (D:15)
  An orc high priest (Orc:1)
  Sonja (Orc:2)
  A deep elf knight (Orc:1)
  Amaemon (D:7)
  A skeletal warrior (D:15)
  3 pharaoh ants
  9 sea snakes
  3 deep trolls (D:15)
  14 orb spiders
  9 steelbarb worms
  Pikel (D:4)
  A swamp dragon (Lair:5)
  4 deep elf pyromancers
  A bog body (IceCv)
  16 harpies
  27 wolf spiders
  6 orc knights
  3 necromancers
  2 orc sorcerers
  An oklob plant (Lair:5)
  2 deep elf zephyrmancers (Orc:1)
  13 cyclopes
  10 manticores
  22 fauns
  8 merfolk sirens
  4 moths of wrath
  5 ugly things
  Joseph (D:7)
  8 black mambas
  2 ice statues (IceCv)
  2 water nymphs
  15 elephants
  3 torpor snails
  An orange demon (D:8)
  3 unseen horrors
  A kobold demonologist (D:11)
  9 cane toads
  5 demonic crawlers
  A freezing wraith (IceCv)
  3 rime drakes (Lair:3)
  An efreet (D:14)
  7 komodo dragons
  A tengu conjurer (D:14)
  2 anaconda simulacra (IceCv)
  6 ice devils (IceCv)
  6 meliai (D:14)
  7 trolls
  3 wind drakes
  15 merfolk
  14 polar bears
  A hornet (D:7)
  17 tarantellas
  6 blink frogs
  A raiju (Lair:5)
  A slime creature (D:9)
  4 snapping turtles
  25 culicivoras
  29 jumping spiders
  3 dire elephant simulacra (IceCv)
  A shadow (D:11)
  3 water elementals
  4 wraiths
  2 fire elementals (D:15)
  2 humans (shapeshifter) (D:14)
  3 wyverns
  52 redbacks
  3 basilisks
  31 yaks
  8 vampire mosquitoes
  13 wargs
  2 steam dragons (Lair:5)
  2 acid dragons (Lair:5)
  4 harpy simulacra
  2 hydra simulacra (IceCv)
  17 hell hounds
  8 water moccasins
  45 orc warriors
  3 ice beasts
  12 black bears
  3 swamp drakes
  A sky beast (D:8)
  8 ogres
  11 centaurs
  48 wolves
  2 lemures (D:4)
  2 phantoms
  15 bullfrogs
  2 gnoll sergeants
  2 necrophages
  5 scorpions
  A two-headed ogre simulacrum (IceCv)
  4 wights (D:6)
  5 killer bees (D:11)
  5 electric eels
  3 howler monkeys (D:9)
  8 jellies
  7 hounds
  13 orc priests
  3 gnoll boudas
  Ijyb (D:3)
  10 iguanas
  20 orc wizards
  2 polar bear simulacra (IceCv)
  A wolf simulacrum (IceCv)
  21 gnolls
  A naga simulacrum (IceCv)
  6 adders
  3 shadow imps
  3 white imps (Lair:4)
  An ufetubus (D:7)
  3 worms
  4 dart slugs
  95 orcs
  5 ball pythons
  5 endoplasms
  3 giant cockroaches
  2 hobgoblins (D:3)
  4 quokkas
  4 bats
  14 frilled lizards
  A goblin (D:2)
  5 kobolds
  7 rats
  A bush (Lair:5)
  7 fulminant prisms
1021 creatures vanquished.

Vanquished Creatures (collateral kills)
  A broodmother (Spider:4)
  Azrael (D:15)
  A boulder beetle (D:14)
  A pharaoh ant (Spider:4)
  2 skeletal warriors (D:15)
  A freezing wraith (D:15)
  A tarantella (Spider:4)
  A jumping spider (Spider:4)
  A hell hound (D:15)
  A centaur (D:7)
  A bullfrog (D:7)
12 creatures vanquished.

Vanquished Creatures (others)
  A culicivora (Spider:1)
  A vampire mosquito (D:13)
  A redback (Spider:4)
  An acid dragon (Lair:5)
  2 black bears
  3 orc warriors (Orc:2)
  A centaur (Orc:2)
  A wolf (Lair:5)
  71 jellies
  An iguana (Lair:5)
  5 orcs
  287 fulminant prisms
  68 fungi
  229 plants
672 creatures vanquished.

Grand Total: 1705 creatures vanquished

Table legend:
 A = Non-vault XP
 B = Vault XP
 C = Vault XP percentage of total XP
 D = Non-vault monster count
 E = Vault monster count
 F = Vault count percentage of total count
                 A         B        C        D         E       F
            +---------+---------+-------+---------+---------+-------
      Total |  192978 |   80046 |  29.3 |     716 |     310 |  30.2
            +---------+---------+-------+---------+---------+-------
        D:1 |      24 |       8 |  25.0 |      14 |       3 |  17.6
        D:2 |      62 |      42 |  40.4 |      14 |       3 |  17.6
        D:3 |      32 |      36 |  52.9 |      15 |       1 |   6.2
        D:4 |     468 |     697 |  59.8 |      11 |       1 |   8.3
        D:5 |     524 |       0 |   0.0 |      20 |       0 |   0.0
        D:6 |    1085 |     443 |  29.0 |      26 |       8 |  23.5
        D:7 |    1216 |    1378 |  53.1 |      16 |       4 |  20.0
        D:8 |    2122 |    1257 |  37.2 |      22 |      10 |  31.2
        D:9 |    2340 |     253 |   9.8 |      15 |       1 |   6.2
       D:10 |    2927 |       0 |   0.0 |      13 |       0 |   0.0
       D:11 |    2216 |     504 |  18.5 |      19 |       3 |  13.6
       D:12 |    3526 |       0 |   0.0 |       7 |       0 |   0.0
       D:13 |    6687 |     873 |  11.5 |      22 |       1 |   4.3
       D:14 |    4760 |    4949 |  51.0 |      14 |       9 |  39.1
       D:15 |   11450 |    8830 |  43.5 |      20 |      15 |  42.9
     Lair:1 |    5287 |     898 |  14.5 |      20 |       5 |  20.0
     Lair:2 |    4544 |     834 |  15.5 |      25 |       2 |   7.4
     Lair:3 |    5365 |    3732 |  41.0 |      32 |      12 |  27.3
     Lair:4 |    6550 |    3118 |  32.3 |      19 |      30 |  61.2
     Lair:5 |    5547 |   13545 |  70.9 |      18 |      66 |  78.6
   Shoals:1 |   18197 |    5351 |  22.7 |      33 |       9 |  21.4
   Shoals:2 |   26382 |       0 |   0.0 |      51 |       0 |   0.0
   Shoals:3 |    3555 |    2261 |  38.9 |       7 |       4 |  36.4
   Shoals:4 |     265 |       0 |   0.0 |       1 |       0 |   0.0
   Spider:1 |   19820 |       0 |   0.0 |      57 |       0 |   0.0
   Spider:2 |   11183 |       0 |   0.0 |      30 |       0 |   0.0
   Spider:3 |   13902 |       0 |   0.0 |      35 |       0 |   0.0
   Spider:4 |   24482 |   10935 |  30.9 |      52 |      28 |  35.0
      Orc:1 |    3995 |    6504 |  61.9 |      51 |      14 |  21.5
      Orc:2 |    4465 |    4680 |  51.2 |      37 |      27 |  42.2
     Bailey |       0 |    2080 | 100.0 |       0 |      28 | 100.0
      IceCv |       0 |    6838 | 100.0 |       0 |      26 | 100.0
            +---------+---------+-------+---------+---------+-------

Illustrated notes

Table legend:
 A = Kills in this place as a percentage of kills in entire the game.
 B = Kills by you in this place as a percentage of kills by you in the entire game.
 C = Kills by friends in this place as a percentage of kills by friends in the entire game.
 D = Other kills in this place as a percentage of other kills in the entire game.
 E = Experience gained in this place as a percentage of experience gained in the entire game.
 F = Experience gained in this place divided by the number of levels of this place that you have seen.
                   A       B       C       D       E      F
               +-------+-------+-------+-------+-------+----------------------
         Total | 100.0 | 100.0 | 100.0 | 100.0 | 100.0 | 7184.8
       Dungeon |  29.9 |  29.7 |  66.7 |  11.1 |  21.5 | 3913.9
          Lair |  22.3 |  22.6 |   0.0 |  22.2 |  18.1 | 9884.0
        Shoals |  10.2 |  10.3 |   0.0 |  11.1 |  20.5 | 14002.8
   Spider Nest |  19.7 |  19.4 |  33.3 |  33.3 |  29.4 | 20080.5
  Orcish Mines |  12.6 |  12.6 |   0.0 |  22.2 |   7.2 | 9822.0
        Bailey |   2.7 |   2.8 |   0.0 |   0.0 |   0.8 | 2080.0
      Ice Cave |   2.5 |   2.6 |   0.0 |   0.0 |   2.5 | 6838.0
               +-------+-------+-------+-------+-------+----------------------

Table legend: (Time is in decaauts)
 A = Elapsed time spent in this place.
 B = Non-inter-level travel time spent in this place.
 C = Inter-level travel time spent in this place.
 D = Time resting spent in this place.
 E = Time spent auto-exploring this place.
 F = Levels seen in this place.
 G = Mean time per level.
                   A        B        C        D        E       F      G
               +--------+--------+--------+--------+--------+-----+--------+
         Total |  32881 |  29921 |   2960 |   6797 |  17560 |  38 |  865.3 |
       Dungeon |  14203 |  12614 |   1589 |   2372 |   8579 |  15 |  946.9 |
        Temple |     19 |     14 |      5 |      0 |     12 |   1 |   19.0 |
          Lair |   8150 |   7395 |    755 |   2138 |   3666 |   5 | 1630.0 |
        Shoals |   2933 |   2706 |    227 |    365 |   1708 |   4 |  733.2 |
   Spider Nest |   2334 |   2271 |     63 |     77 |   1535 |   4 |  583.5 |
    Slime Pits |   1317 |   1114 |    203 |      0 |   1025 |   5 |  263.4 |
  Orcish Mines |   1553 |   1438 |    115 |    148 |    858 |   2 |  776.5 |
        Bailey |    577 |    577 |      0 |    375 |     55 |   1 |  577.0 |
      Ice Cave |   1790 |   1790 |      0 |   1322 |    122 |   1 | 1790.0 |
               +--------+--------+--------+--------+--------+-----+--------+

Top non-repeatable levels by time:
  Lair:5: 1952 daAuts
   IceCv: 1790 daAuts
  Lair:2: 1736 daAuts
  Lair:3: 1637 daAuts
     D:7: 1599 daAuts
  Lair:4: 1484 daAuts
  Lair:1: 1340 daAuts
    D:10: 1253 daAuts
     D:6: 1149 daAuts
     D:4: 1078 daAuts
Shoals:3: 1070 daAuts
    D:13: 1018 daAuts
    D:12: 998 daAuts
     D:9: 990 daAuts
Shoals:1: 959 daAuts
